 Dungeon Crawl Stone Soup version 0.19-a0-2013-g488b080 (webtiles) character file.

6831 Faca the Cleaver (level 10, -2/93 HPs)
             Began as a Minotaur Berserker on Jan 10, 2017.
             Was a High Priest of Trog.
             Slain by a manticore (6 damage)
             ... on level 9 of the Dungeon.
             The game lasted 00:33:32 (9669 turns).

Faca the Cleaver (Minotaur Berserker)               Turns: 9669, Time: 00:33:34

Health: -2/93      AC: 13    Str: 21    XL:     10   Next: 77%
Magic:  3/3        EV: 11    Int:  6    God:    Trog [*****.]
Gold:   923        SH:  0    Dex: 14    Spells: 9/9 levels left

rFire  . . .     SeeInvis .     z - +0 battleaxe (antimagic)
rCold  . . .     Faith    .     r - +0 plate armour
rNeg   + . .     Spirit   .     (shield currently unavailable)
rPois  .         Reflect  .     (helmet restricted)
rElec  .                        x - +0 cloak {+Inv}
rCorr  .                        (no gloves)
MR     .....                    (no boots)
Stlth  ..........               (no amulet)
                                y - +2 ring of protection
                                f - ring of positive energy

@: no status effects
A: retaliatory headbutt, horns 2, thin skeletal structure 1, clever 1, deformed
body, weak 1
a: Berserk, Trog's Hand, Brothers in Arms, Burn Spellbooks, Renounce Religion,
Evoke Invisibility


You were on level 9 of the Dungeon.
You worshipped Trog.
Trog was extremely pleased with you.
You were not hungry.

You visited 1 branch of the dungeon, and saw 9 of its levels.
You also visited: Ossuary and Bailey.

You collected 923 gold pieces.

Inventory:

Hand Weapons
 k - a +0 dire flail
 t - a +0 shortbow
 z - a +0 antimagic battleaxe (weapon)
Missiles
 d - 855 arrows
Armour
 r - a +0 plate armour (worn)
 x - a +0 cloak of invisibility (worn)
Jewellery
 f - a ring of positive energy (left hand)
 y - a +2 ring of protection (right hand)
Wands
 h - a wand of acid (5/15)
 l - a wand of random effects (11/24)
 s - a wand of slowing (10/24)
 w - a wand of clouds (4/9)
Scrolls
 a - 3 scrolls of enchant armour
 b - 3 scrolls of enchant weapon
 g - 7 scrolls of recharging
 i - 4 scrolls of teleportation
 n - 3 scrolls of blinking
 q - a scroll of magic mapping
 u - 2 scrolls of fear
 v - a scroll of brand weapon
Potions
 c - 7 potions of curing
 e - a potion of agility
 m - 6 potions of cure mutation
 p - a potion of cancellation
Miscellaneous
 o - a box of beasts


   Skills:
 + Level 10.2 Fighting
 + Level 10.5 Axes
 + Level 1.8 Bows
 + Level 10.5 Armour
 + Level 9.1 Dodging


You had 9 spell levels left.
You didn't know any spells.

Dungeon Overview and Level Annotations

Branches:
Dungeon (9/15)             Temple (0/1) D:4
   Lair: D:-1           Orc: D:8-11       Crypt: Vaults:-1     Tomb: Vaults:-1

Altars:
Elyvilon
Makhleb
Vehumet

Shops:
D:4 (?:[


Innate Abilities, Weirdness & Mutations

You reflexively headbutt those who attack you in melee.
You have a pair of horns on your head.
You have a somewhat thin skeletal structure. (Dex +2, Stealth)
Your mind is acute. (Int +2)
Armour fits poorly on your strangely shaped body.
You are weak. (Str -2)


Message History

The manticore claws you but does no damage.
The manticore claws you (2).
The manticore bites you but does no damage.
The manticore claws you but does no damage. x2
You slash the manticore (10)!
The manticore is severely wounded.
The manticore bites you (20)!! The manticore claws you (8)!
The manticore barely misses you.
You are too injured to fight recklessly!
You barely miss the manticore.
The manticore is severely wounded.
The manticore bites you (18)!!
* * * LOW HITPOINT WARNING * * *
The manticore claws you but does no damage. x2
You barely miss the manticore.
The manticore is severely wounded.
The manticore bites you (7)!
* * * LOW HITPOINT WARNING * * *
The manticore claws you (6).
You die...

#....'....#
#....#....#
#....#....#
#....#....#
##############'#..###+
#<.............#......
#.....[........#......
#..............#......
#...H@.........#......
#..............#......
#........##########+##
#..........
##########..$ !... ...
..


You could see a manticore.

Vanquished Creatures
  Erolcha (D:9)
  2 two-headed ogres
  An orc knight (Bailey)
  2 angry ghosts
  2 wyverns (D:9)
  Menkaure (D:6)
  A water moccasin (D:7)
  3 orc warriors (Bailey)
  A spiny frog skeleton (D:7)
  3 ice beasts
  A phantom (D:9)
  A centaur (D:9)
  4 elf zombies (Ossuary)
  A gnoll sergeant (D:6)
  5 scorpions
  6 killer bees (D:8)
  8 wights
  A howler monkey (D:4)
  3 crimson imps
  3 centaur zombies (Ossuary)
  Crazy Yiuf (D:6)
  5 human zombies (Ossuary)
  A quasit (D:7)
  3 hounds
  5 jellies
  3 orc priests (D:4)
  5 centaur skeletons
  4 orc wizards
  A bullfrog skeleton (D:7)
  3 iguanas
  4 worker ants
  A hound skeleton (D:7)
  3 mummies (Ossuary)
  12 gnolls
  9 adders
  2 shadow imps
  2 oozes
  3 dart slugs (D:2)
  6 leopard geckos
  33 orcs
  2 ball pythons
  13 giant cockroaches
  9 goblins
  13 hobgoblins
  9 jackals
  23 kobolds
  2 quokkas
  7 bats
  3 frilled lizards
  A giant cockroach zombie (D:5)
  5 rats
243 creatures vanquished.

Notes
Turn   | Place    | Note
-------+----------+-------------------------------------------
     0 | D:1      | Faca the Minotaur Berserker began the quest for the Orb.
     0 | D:1      | Reached XP level 1. HP: 19/19 MP: 0/0
    69 | D:1      | Reached XP level 2. HP: 13/27 MP: 1/1
   514 | D:1      | Reached XP level 3. HP: 32/33 MP: 2/2
   844 | D:1      | Reached ** piety under Trog
  1125 | D:2      | Reached XP level 4. HP: 30/40 MP: 3/3
  1566 | D:2      | Gained mutation: You have a somewhat thin skeletal structure. (Dex +2, Stealth) [potion of mutation]
  1566 | D:2      | Gained mutation: Your mind is acute. (Int +2) [potion of mutation]
  1566 | D:2      | Gained mutation: You are weak. (Str -2) [potion of mutation]
  1813 | D:3      | Reached XP level 5. HP: 41/47 MP: 4/4
  1909 | D:3      | Reached skill level 5 in Axes
  1932 | D:3      | Reached *** piety under Trog
  2328 | D:4      | Found Baor's Magic Scroll Shoppe.
  2355 | D:4      | Found a sand-covered staircase.
  2480 | D:4      | Reached skill level 5 in Fighting
  2481 | D:4      | Reached XP level 6. HP: 56/56 MP: 5/5
  2548 | D:4      | Found Neehic's Antique Weapon Shop.
  2567 | Ossuary  | Entered an ossuary
  2624 | Ossuary  | Reached skill level 5 in Armour
  2634 | Ossuary  | Reached XP level 7. HP: 29/61 MP: 6/6
  3195 | D:4      | Reached skill level 5 in Dodging
  3270 | D:4      | Found a staircase to the Ecumenical Temple.
  3306 | D:4      | Found Umahuxan's Book Emporium.
  3509 | D:4      | Found Joyn's Antique Armour Emporium.
  3591 | D:4      | Reached XP level 8. HP: 48/70 MP: 7/7
  4057 | D:5      | Entered Level 5 of the Dungeon
  4106 | D:5      | Found a radiant altar of Vehumet.
  4109 | D:5      | Found a white marble altar of Elyvilon.
  4800 | D:6      | Reached **** piety under Trog
  5371 | D:6      | Noticed Menkaure
  5375 | D:6      | Killed Menkaure
  5501 | D:6      | Found a runed door.
  5505 | D:6      | Noticed Crazy Yiuf
  5507 | D:6      | Killed Crazy Yiuf
  5658 | D:7      | Reached XP level 9. HP: 58/80 MP: 8/8
  6095 | D:7      | Gained mutation: Armour fits poorly on your strangely shaped body. [potion of mutation]
  6555 | D:8      | Reached ***** piety under Trog
  6607 | D:8      | Found a flagged portal.
  6650 | Bailey   | Entered a bailey
  6808 | Bailey   | Noticed an orc knight
  7311 | Bailey   | Killed an orc knight
  7311 | Bailey   | Reached XP level 10. HP: 10/91 MP: 9/9
  7930 | D:8      | Noticed a two-headed ogre
  7939 | D:8      | Killed a two-headed ogre
  8648 | D:9      | Reached skill level 10 in Axes
  8661 | D:9      | Reached skill level 10 in Armour
  8764 | D:9      | Noticed Erolcha
  8776 | D:9      | Killed Erolcha
  8776 | D:9      | Reached skill level 10 in Fighting
  9142 | D:9      | Noticed a two-headed ogre
  9152 | D:9      | Killed a two-headed ogre
  9152 | D:9      | Reached skill level 1 in Bows
  9531 | D:9      | Received a gift from Trog
  9573 | D:9      | Found a burning altar of Makhleb.
  9661 | D:9      | Noticed a manticore
  9669 | D:9      | HP: 4/93 [manticore (7)]
  9669 | D:9      | Slain by a manticore

Vault maps used:
D:1:      minmay_arrival_arboretum_small
D:2:      first_bread
D:3:      minmay_misc_feat_hallway
D:4:      serial_shops, shop, shop, shop, nicolae_shop_waterfront,
          nicolae_ossuary_entry_false_entrances
D:5:      grunt_temple_overflow_open, grunt_decor_fettered
D:6:      uniq_menkaure, uniq_crazy_yiuf_cottage
D:8:      lightli_bailey_entry_fortress
D:9:      lemuel_coloured_pillars_altar, uniq_erolcha
Ossuary:  ossuary_minmay_four_chambers
Bailey:   bailey_axe_4, bailey

Skill      XL: |  1  2  3  4  5  6  7  8  9 10 |
---------------+-------------------------------+-----
Armour         | 3 4 5 6 7 9 10 | 10.5
Fighting       | 4 5 6 7 9 10 | 10.2
Axes           | 4 5 6 8 9 10 | 10.5
Dodging        | 3 4 5 6 8 9 |  9.1
Bows           | 1 |  1.8

Action                   |  1- 3 |  4- 6 |  7- 9 | 10-12 || total
-------------------------+-------+-------+-------+-------++-------
Melee: Hand axe          |    73 |    36 |       |       ||   109
       Headbutt          |    11 |    18 |    86 |    17 ||   132
       War axe           |       |    59 |   421 |    74 ||   554
       Battleaxe         |       |       |       |     8 ||     8
       Dire flail        |       |       |       |     5 ||     5
 Fire: Shortbow          |       |       |       |     3 ||     3
Throw: Tomahawk          |       |       |    21 |       ||    21
Invok: Burn Spellbooks   |       |       |       |     1 ||     1
  Use: Potion            |       |     2 |     9 |       ||    11
 Stab: Distracted        |       |       |     1 |       ||     1
Armor: Leather armour    |    17 |       |       |       ||    17
       Scale mail        |       |    57 |    71 |       ||   128
       Chain mail        |       |       |   112 |       ||   112
       Skin              |       |       |    30 |       ||    30
       Plate armour      |       |       |    15 |    45 ||    60
Dodge: Dodged            |    49 |    77 |   265 |    36 ||   427
